 Dungeon Crawl Stone Soup version 0.29-a0-334-gb41bcbb86e (webtiles) character file.

Game seed: 5846498945992671238

1873 Murumi the Basher (level 8, -4/73 HPs)
             Began as a Minotaur Fighter on Apr 14, 2022.
             Slain by a hornet (8 damage)
             ... on level 7 of the Dungeon.
             The game lasted 00:14:00 (5738 turns).

Murumi the Basher (Minotaur Fighter)                Turns: 5738, Time: 00:14:01

Health: -4/73      AC: 11    Str: 21    XL:     8   Next: 91%
Magic:  0/7        EV: 12    Int:  5    God:
Gold:   314        SH:  6    Dex: 12    Spells: 5/7 levels left

rFire   . . .      SeeInvis +   a - +3 flail (vorpal)
rCold   . . .      Faith    .   c - +1 buckler
rNeg    . . .      Spirit   +   o - +0 chain mail
rPois   .          Reflect  .   (helmet restricted)
rElec   .          Harm     .   b - +0 cloak
rCorr   .          Rampage  .   (no gloves)
Will    .....                   (no boots)
Stlth   ..........              n - amulet of guardian spirit
HPRegen 0.22/turn               v - ring of see invisible
MPRegen 0.10/turn               l - +4 ring of evasion

@: mighty, lethally poisoned (-4 -> -16), slowed, very slow
A: horns 2, retaliatory headbutt
a: no special abilities


You were on level 7 of the Dungeon.
You visited 1 branch of the dungeon, and saw 7 of its levels.
You also visited: Ossuary.

You collected 314 gold pieces.

Inventory:

Hand Weapons
 a - a +3 vorpal flail (weapon)
Armour
 b - a +0 cloak (worn)
 c - a +1 buckler (worn)
 o - a +0 chain mail (worn)
Jewellery
 g - a ring of protection from cold
 l - a +4 ring of evasion (right hand)
 n - an amulet of guardian spirit (around neck)
 v - a ring of see invisible (left hand)
Wands
 i - a wand of charming (11)
 w - a wand of flame (13)
 x - a wand of iceblast (7)
Scrolls
 h - 2 scrolls of fear
 m - 4 scrolls of teleportation
 t - a scroll of fog
 u - a scroll of enchant armour
Potions
 d - a potion of might
 e - 2 potions of attraction
 f - 2 potions of magic {unknown}
 j - 2 potions of flight
 k - 3 potions of resistance
 q - a potion of heal wounds
 r - a potion of mutation
 s - a potion of haste


   Skills:
 - Level 7.0 Fighting
 - Level 8.0 Maces & Flails
 - Level 7.0 Armour
 - Level 3.0 Dodging
 + Level 7.3 Shields
 - Level 2.0 Evocations


You had 5 spell levels left.
You knew the following spells:

 Your Spells              Type           Power      Damage    Failure   Level
a - Wereblood             Tmut           0%         N/A       100%        2

Your spell library contained the following spells:

 Spells                   Type           Power      Damage    Failure   Level
 Beastly Appendage        Tmut           0%         N/A       99%         1
 Freeze                   Ice            0%         1d3       99%         1
 Ensorcelled Hibernation  Hex/Ice        0%         N/A       100%        2
 Frozen Ramparts          Ice            0%         1d2       100%        3
 Ignite Poison            Fire/Tmut/Pois 0%         N/A       100%        3
 Mephitic Cloud           Conj/Pois/Air  0%         N/A       100%        3
 Spider Form              Tmut/Pois      0%         N/A       100%        3
 Anguish                  Hex/Necr       0%         N/A       100%        4
 Hailstorm                Conj/Ice       0%         3d3       100%        4
 Freezing Cloud           Conj/Ice/Air   0%         6-21      100%        5


Dungeon Overview and Level Annotations

Branches:
Dungeon (7/15)            Ossuary (visited)
 Temple: D:4-7

Altars:
Elyvilon
Hepliaklqana
Qazlal
Ru

Shops:
D:5 :


Innate Abilities, Weirdness & Mutations

You have a pair of horns on your head.
You reflexively headbutt those who attack you in melee.


Message History

The hornet stings you but does no damage.
You block the gnoll's attack. The hornet closely misses you.
The gnoll hits you from afar with a +0 spear.
The orc attacks as you move away! The orc barely misses you.
The hornet attacks as you move away! The hornet stings you!
You are more poisoned.
You feel as though you will be slow longer.
The gnoll shaman attacks as you move away!
The gnoll shaman closely misses you. You furiously retaliate!
You headbutt the gnoll shaman!
You feel very sick. You block the hornet's attack.
The gnoll hits you from afar with a +0 spear.
You block the orc's attack. The gnoll hits you but does no damage.
You feel very sick. The hornet closely misses you.
The gnoll hits you but does no damage.
You feel very sick.
The hornet stings you but does no damage.
The gnoll hits you but does no damage.
You feel very mighty all of a sudden.
You feel sick. You block the hornet's attack. The gnoll misses you.
The hornet stings you!
* * * LOW HITPOINT WARNING * * *
You are lethally poisoned!
You suddenly lose the ability to move!
The gnoll hits you but does no damage. The hornet stings you.
* * * LOW HITPOINT WARNING * * *
You feel as though you will be slow longer.
You can move again.
Unknown command.
You feel better.
You are no longer glowing.
The gnoll barely misses you. The hornet stings you.
* * * LOW HITPOINT WARNING * * *
You are lethally poisoned!
You feel as though you will be slow longer.
The gnoll hits you from afar with a +0 spear.
* * * LOW HITPOINT WARNING * * *
The hornet stings you!
You die...

....(.###.#....###...
.....##.....###...#
................)......
........#..........#### #
##...#....[........# .
...##..................#### .
...#.......#..............##.
...^.......#.................
..........o#@....#...........
.........ogy.................
....#...og####.#.##..........
........o....................
............#.....#..........
###...).......###.#..........
..........#..................
.........##<####..........##.
............# #.....<.####.


You could see a hornet, a gnoll shaman, a gnoll (fast) and 3 orcs.

Vanquished Creatures
  Joseph (D:7)
  A water moccasin (D:5)
  3 ice beasts
  A sky beast (D:6)
  A centaur (D:7)
  A phantom (D:7)
  3 scorpions
  A howler monkey (D:5)
  An orc priest (D:5)
  4 centaur zombies (Ossuary)
  A jelly (D:5)
  Crazy Yiuf (D:2)
  4 hounds
  3 iguanas
  An orc wizard (D:5)
  6 mummies (Ossuary)
  A gnoll (D:7)
  10 adders
  3 white imps
  An ufetubus (D:6)
  A worm (D:3)
  14 orcs
  5 ball pythons
  2 endoplasms
  2 giant cockroaches
  3 goblins
  7 hobgoblins
  4 jackals (D:3)
  2 quokkas
  11 bats
  2 frilled lizards (D:3)
  5 hobgoblin zombies (Ossuary)
  2 kobolds (D:2)
  2 rats (D:2)
110 creatures vanquished.

Notes
Turn   | Place    | Note
-------+----------+-------------------------------------------
     0 | D:1      | Murumi the Minotaur Fighter began the quest for the Orb.
     0 | D:1      | Reached XP level 1. HP: 19/19 MP: 0/0
   811 | D:2      | Reached XP level 2. HP: 27/27 MP: 1/1
   832 | D:2      | Found a runed translucent door.
   833 | D:2      | Noticed Crazy Yiuf
   912 | D:2      | Reached skill level 3 in Maces & Flails
  1216 | D:2      | Reached skill level 1 in Dodging
  1216 | D:2      | Reached XP level 3. HP: 25/33 MP: 2/2
  1333 | D:2      | Learned a level 2 spell: Wereblood
  1627 | D:2      | Killed Crazy Yiuf
  1628 | D:2      | Reached skill level 4 in Maces & Flails
  1628 | D:2      | Reached XP level 4. HP: 12/40 MP: 0/3
  2018 | D:3      | Found a faded altar of an unknown god.
  2081 | D:3      | Found a hazy altar of Hepliaklqana.
  2140 | D:3      | Reached skill level 1 in Evocations
  2309 | D:3      | Found a stormy altar of Qazlal.
  2399 | D:3      | Found a white marble altar of Elyvilon.
  2719 | D:4      | Found a sacrificial altar of Ru.
  2881 | D:4      | Noticed a scorpion
  2889 | D:4      | Killed a scorpion
  2890 | D:4      | Reached skill level 5 in Maces & Flails
  2890 | D:4      | Reached XP level 5. HP: 36/46 MP: 4/4
  3525 | D:5      | Entered Level 5 of the Dungeon
  3526 | D:5      | Found Ynorr's Book Shop.
  3529 | D:5      | Reached skill level 5 in Shields
  3546 | D:5      | Noticed an ice beast
  3550 | D:5      | Killed an ice beast
  3551 | D:5      | Reached skill level 5 in Fighting
  3551 | D:5      | Reached XP level 6. HP: 48/56 MP: 5/5
  3598 | D:5      | Reached skill level 5 in Armour
  3617 | D:5      | Reached skill level 6 in Maces & Flails
  3641 | D:5      | Reached XP level 7. HP: 60/61 MP: 6/6
  4760 | D:6      | Reached skill level 7 in Maces & Flails
  4760 | D:6      | Reached XP level 8. HP: 70/70 MP: 7/7
  5087 | D:7      | Found a sand-covered staircase.
  5097 | Ossuary  | Entered an ossuary
  5394 | D:7      | Noticed Joseph
  5414 | D:7      | Killed Joseph
  5415 | D:7      | Reached skill level 8 in Maces & Flails
  5726 | D:7      | Noticed a hornet
  5737 | D:7      | Paralysed by a hornet for 1 turns
  5738 | D:7      | Slain by a hornet

Illustrated notes

Levels and vault maps discovered:
D:1:      dpeg_arrival_rooms_b, layout_loops_ring, serial_bayou_pond_d,
          minmay_misc_feat_nine_boxes, serial_bayou_ford_a
D:2:      layout_basic, uniq_crazy_yiuf_cottage
D:3:      layout_basic, mainiacjoe_overflow_chevrons, lemuel_tele_altar,
          old_standard_altar, basic_ecumenical_altar
D:4:      layout_loops_ring, overflow_temple_1_default,
          minmay_temple_entry_from_below_a, skrybe_limestone_x
D:5:      layout_cave_pools, serial_glass, glass_columns_c, glass_columns_b,
          serial_shops, nicolae_stop_n_shop_2, hangedman_minor_gate_pass
D:6:      layout_rooms
D:7:      layout_rooms, enter_ossuary_1, uniq_joseph

Skill      XL: |  1  2  3  4  5  6  7  8 |
---------------+-------------------------+-----
Shields        | 4 5 6 7 |  7.3
Fighting       | 4 5 6 7 |  7.0
Armour         | 4 5 6 7 |  7.0
Maces & Flails | 3 4 5 6 7 8 |  8.0
Dodging        | 1 2 3 |  3.0
Evocations     | 1 2 |  2.0

Action                   |  1- 3 |  4- 6 |  7- 9 || total
-------------------------+-------+-------+-------++-------
Melee: Flail             |    44 |    95 |   139 ||   278
       Headbutt          |     6 |    16 |    23 ||    45
  Use: Scroll            |     1 |    11 |    10 ||    22
       Potion            |       |       |     3 ||     3
Armor: Scale mail        |    15 |       |       ||    15
       Chain mail        |     1 |    32 |    61 ||    94
Dodge: Dodged            |    27 |    62 |    77 ||   166
Block: Buckler           |    10 |    26 |    50 ||    86

Table legend: (Time is in decaauts)
 A = Elapsed time spent in this place.
 B = Non-inter-level travel time spent in this place.
 C = Inter-level travel time spent in this place.
 D = Time resting spent in this place.
 E = Time spent auto-exploring this place.
 F = Levels seen in this place.
 G = Mean time per level.
                   A        B        C        D        E       F      G
               +--------+--------+--------+--------+--------+-----+--------+
         Total |   5812 |   5356 |    456 |     62 |   4494 |   8 |  726.5 |
       Dungeon |   5558 |   5102 |    456 |     59 |   4335 |   7 |  794.0 |
       Ossuary |    254 |    254 |      0 |      3 |    159 |   1 |  254.0 |
               +--------+--------+--------+--------+--------+-----+--------+

Top non-repeatable levels by time:
     D:2: 1189 daAuts
     D:5: 883 daAuts
     D:4: 807 daAuts
     D:3: 805 daAuts
     D:1: 803 daAuts
     D:6: 664 daAuts
     D:7: 405 daAuts
 Ossuary: 254 daAuts
